CALGARY vs DETROIT

Created - March-26-18 at 22:06

Goals
1 2 3 T
CALGARY 0 0 0 0
DETROIT 3 0 3 6
Shots
1 2 3 T
CALGARY 7 12 4 23
DETROIT 13 5 17 35

1st period

1. DETROIT , T.J. Oshie 39 (Taylor Hall 47, Steven Stamkos 32) at 16:52
2. DETROIT , Kyle Palmieri 17 (Josh Gorges 19, Alex Galchenyuk 24) at 19:20 (PP)
3. DETROIT , Ryan Murray 7 (Dustin Brown 29, Alex Galchenyuk 25) at 19:53

Penalties :
Luca Sbisa (CGY) for Holding (Minor) at 0:39, Nick Schultz (DET) for Tripping (Minor) at 3:16, Ryan Murray (DET) for Roughing (Minor) at 10:55, Jaccob Slavin (CGY) for High sticking (Minor) at 19:16

2nd period

No Goal

Penalties :
Nick Schultz (DET) for Slashing (Minor) at 3:36, Nick Schultz (DET) for Interference (Minor) at 6:22, Aaron Ekblad (DET) for Roughing (Double Minor) at 10:22, Steven Stamkos (DET) for Hooking (Minor) at 15:55

3rd period

4. DETROIT , Ryan Murray 8 (Dustin Brown 30, John Gibson) at 0:55 (PP)
5. DETROIT , Dustin Brown 12 (Alex Galchenyuk 26) at 6:21
6. DETROIT , Aaron Ekblad 9 (Steven Stamkos 33, Taylor Hall 48) at 11:41

Penalties :
Matt Read (CGY) for High sticking (Minor) at 0:11, Aaron Ekblad (DET) for Holding (Minor) at 2:08, Matt Bartkowski (CGY) for High sticking (Minor) at 14:07, Ryan Reaves (DET) for Holding (Minor) at 19:16, Bobby Ryan (CGY) for Hooking (Minor) at 19:16

Goalie Stats

Anthony Stolarz (CGY), 29 saves from 35 shots - (0.829), L, 4-33-1, 60:00 minutes
John Gibson (DET), 23 saves from 23 shots - (1.000), W, 19-10-2, 60:00 minutes

Players Stats for CALGARY

Player Name              G  A  P  +/- PIM S  H  SB GA TA FO     MP     PP MP  PK MP  
------------------------------------------------------------------------------------
Bobby Ryan               0  0  0   0  2   1  2  0  0  0  2/2    21:07   7:44   3:17 
Chris Bigras             0  0  0   0  0   0  0  0  0  0  0/0     1:09   0:43   0:00 
Chris Tierney            0  0  0   0  0   0  0  1  0  0  10/21  17:41   7:34   0:00 
Derek Roy                0  0  0   0  0   0  0  0  0  0  1/2     9:52   0:44   0:10 
Ethan Werek              0  0  0   0  0   1  1  0  0  0  1/5     8:20   0:00   0:00 
Jaccob Slavin            0  0  0  -1  2   2  0  0  0  0  0/0    24:41   8:12   2:37 
Jakub Vrana              0  0  0  -1  0   0  1  0  0  0  0/2    10:01   0:27   1:05 
Joffrey Lupul            0  0  0   0  0   1  1  0  0  0  0/0     8:30   0:10   0:00 
Klas Dahlbeck            0  0  0  -2  0   1  0  2  0  0  0/0    20:39   6:31   2:05 
Luca Sbisa               0  0  0  -1  2   4  1  1  0  0  0/0    23:49   8:05   1:37 
Marko Dano               0  0  0  -1  0   1  1  0  0  0  5/9     9:36   1:07   0:00 
Matt Bartkowski          0  0  0  -2  2   0  0  0  0  0  0/0    19:52   6:31   1:19 
Matt Beleskey            0  0  0   0  0   2  1  0  0  0  1/3    17:08   7:01   0:00 
Matt Read                0  0  0  -3  2   2  2  0  0  0  1/9    21:23   7:35   2:02 
Mitchell Marner          0  0  0  -3  0   2  0  0  0  0  0/1    12:25   0:00   0:00 
Ryan Spooner             0  0  0  -3  0   2  1  0  0  0  6/24   20:51   7:35   1:29 
Slater Koekkoek          0  0  0  -1  0   1  1  1  0  0  0/0    14:18   1:34   0:00 
Tobias Rieder            0  0  0  -1  0   2  2  0  0  0  0/2    17:35   7:42   1:29 
Tyler Wotherspoon        0  0  0  -1  0   1  3  0  0  0  0/0    15:29   0:10   1:54 

Players Stats for DETROIT

Player Name              G  A  P  +/- PIM S  H  SB GA TA FO     MP     PP MP  PK MP  
------------------------------------------------------------------------------------
Aaron Ekblad             1  0  1   1  6   4  5  1  0  0  0/0    23:51   2:35   5:24 
Alex Galchenyuk          0  3  3   2  0   3  0  0  0  0  15/21  12:38   2:11   0:00 
Cody Goloubef            0  0  0   1  0   0  0  0  0  0  0/0    15:57   0:00   2:55 
Dustin Brown             1  2  3   2  0   2  0  0  0  0  0/0    13:27   2:11   0:49 
Jay McClement            0  0  0   0  0   0  0  0  0  0  0/0     3:52   0:00   0:00 
Josh Gorges              0  1  1   2  0   1  2  0  0  0  0/0    19:51   2:11   7:15 
Kyle Brodziak            0  0  0   0  0   0  0  0  0  0  12/15  12:16   2:35   5:33 
Kyle Palmieri            1  0  1   2  0   5  2  0  0  0  0/0    18:11   2:11   5:33 
Luke Glendening          0  0  0   0  0   2  1  0  0  0  4/7    12:07   0:00   0:00 
Matt Martin              0  0  0   0  0   1  0  0  0  0  1/2     3:52   0:00   0:00 
Nick Schultz             0  0  0   1  6   0  6  1  0  0  0/0    13:15   0:00   0:43 
Oscar Klefbom            0  0  0   1  0   2  0  1  0  0  0/0    23:34   2:35   7:46 
Ryan Murray              2  0  2   2  2   2  0  2  0  0  0/0    18:38   2:11   6:03 
Ryan Pulock              0  0  0   0  0   0  1  0  0  0  0/0     4:48   0:00   1:40 
Ryan Reaves              0  0  0   0  2   2  1  0  0  0  0/0    11:39   0:00   0:00 
Steven Stamkos           0  2  2   2  2   4  1  0  0  0  10/16  12:38   0:00   0:00 
T.J. Oshie               1  0  1   2  0   2  2  0  0  0  2/3    25:08   2:35   9:11 
Taylor Hall              0  2  2   2  0   4  0  0  0  0  9/16   24:45   2:35   9:31 
Valeri Nichushkin        0  0  0   0  0   0  0  0  0  0  0/0     0:00   0:00   0:00 
Yanni Gourde             0  0  0   0  0   1  0  0  0  0  0/0    12:49   0:00   1:09 

3 Stars

1 - Dustin Brown (DET)
2 - John Gibson (DET)
3 - Ryan Murray (DET)

Power Play

CALGARY - 0 on 8 Attempt(s) - 0.00%
DETROIT - 2 on 4 Attempt(s) - 50.00%

Penalty Kill

CALGARY - 2 on 4 Attempt(s) - 50.00% - Score 0 goal in Penalty Kill
DETROIT - 8 on 8 Attempt(s) - 100.00% - Score 0 goal in Penalty Kill

Team Stat

CALGARY - Hits : 17 - Faceoff Wins : 27 - Blocked Shots : 5 - Penalty Minutes : 10
DETROIT - Hits : 21 - Faceoff Wins : 53 - Blocked Shots : 5 - Penalty Minutes : 18

Official

Referees : Unknown
Linesman : Unknown

Game Notes

No Game Note

Finance

Level 1 -- Attendance: 3773 (62.88%) -- Ticket Income $415,030
Level 2 -- Attendance: 3950 (79.00%) -- Ticket Income $237,000
Level 3 -- Attendance: 1431 (71.55%) -- Ticket Income $57,240
Level 4 -- Attendance: 2828 (70.70%) -- Ticket Income $70,700
Luxury Box -- Attendance: 972 (97.20%) -- Ticket Income $174,960
Game was played at the Little Caesars Arena.
Total Attendance: 12954 (71.97%)
Total Ticket Income: $954,930
Total Income: $954,930

CALGARY

5 vs 5 Forward 
   Center                   Left Wing                Right Wing               Time % Phy DF OF 
 1 Ryan Spooner             Matt Read                Mitchell Marner          38     0   1  4  
 2 Chris Tierney            Matt Beleskey            Bobby Ryan               32     1   2  2  
 3 Marko Dano               Jakub Vrana              Tobias Rieder            25     2   2  1  
 4 Ethan Werek              Joffrey Lupul            Derek Roy                5      2   3  0  

5 vs 5 Defense 
   Defense                  Defense                                           Time % Phy DF OF 
 1 Jaccob Slavin            Luca Sbisa                                        35     1   2  2  
 2 Matt Bartkowski          Klas Dahlbeck                                     30     1   2  2  
 3 Slater Koekkoek          Tyler Wotherspoon                                 25     1   2  2  
 4 Jaccob Slavin            Luca Sbisa                                        10     1   2  2  

PowerPlay Forward 
   Center                   Left Wing                Right Wing               Time % Phy DF OF 
 1 Ryan Spooner             Matt Read                Tobias Rieder            60     1   2  2  
 2 Chris Tierney            Matt Beleskey            Bobby Ryan               40     1   2  2  

PowerPlay Defense
   Defense                  Defense                                           Time % Phy DF OF 
 1 Jaccob Slavin            Luca Sbisa                                        60     1   2  2  
 2 Matt Bartkowski          Klas Dahlbeck                                     40     1   2  2  

Penalty Kill 4 Players Forward 
   Center                   Wing                     Time % Phy DF OF 
 1 Matt Read                Bobby Ryan               60     1   2  2  
 2 Tobias Rieder            Ryan Spooner             40     1   2  2  

Penalty Kill 4 Players Defense
   Defense                  Defense                  Time % Phy DF OF 
 1 Jaccob Slavin            Luca Sbisa               60     1   2  2  
 2 Matt Bartkowski          Klas Dahlbeck            40     1   2  2  

Penalty Kill - 3 Players Forward 
   Forward                                           Time % Phy DF OF 
 1 Ryan Spooner                                      60     1   2  2  
 2 Bobby Ryan                                        40     1   2  2  

Penalty Kill - 3 Players Defense
   Defense                  Defense                  Time % Phy DF OF 
 1 Jaccob Slavin            Luca Sbisa               60     1   2  2  
 2 Matt Bartkowski          Klas Dahlbeck            40     1   2  2  

4 vs 4 Forward 
   Center                   Wing                     Time % Phy DF OF 
 1 Mitchell Marner          Bobby Ryan               60     1   2  2  
 2 Tobias Rieder            Ryan Spooner             40     1   2  2  

4 vs 4 Defense
   Defense                  Defense                  Time % Phy DF OF 
 1 Jaccob Slavin            Luca Sbisa               60     1   2  2  
 2 Matt Bartkowski          Klas Dahlbeck            40     1   2  2  

Last Minutes Offensive
   Center                   Left Wing                Right Wing               Defense                  Defense                  
   Ryan Spooner             Matt Read                Mitchell Marner          Jaccob Slavin            Luca Sbisa               

Last Minutes Defensive
   Center                   Left Wing                Right Wing               Defense                  Defense                  
   Ryan Spooner             Matt Read                Mitchell Marner          Jaccob Slavin            Luca Sbisa               

Goaltenders
Starting : Anthony Stolarz          
Backup : Anders Nilsson           

Extra Forwards
Normal : Derek Roy, Marko Dano, Jakub Vrana - PP : Derek Roy, Marko Dano - PK : Jakub Vrana
Extra Defensemen
Normal : Slater Koekkoek, Tyler Wotherspoon, Matt Bartkowski - PP : Slater Koekkoek - PK : Tyler Wotherspoon, Matt Bartkowski
Penalty Shots
Matt Read, Bobby Ryan, Tobias Rieder, Ryan Spooner, Chris Tierney

Scratches
CGY CAP HIT (Suspend), Ben Scrivens (Healthy)

DETROIT

5 vs 5 Forward 
   Center                   Left Wing                Right Wing               Time % Phy DF OF 
 1 Steven Stamkos           Taylor Hall              T.J. Oshie               35     1   2  2  
 2 Alex Galchenyuk          Dustin Brown             Kyle Palmieri            30     1   2  2  
 3 Luke Glendening          Yanni Gourde             Ryan Reaves              25     1   3  1  
 4 Kyle Brodziak            Matt Martin              Jay McClement            10     1   3  1  

5 vs 5 Defense 
   Defense                  Defense                                           Time % Phy DF OF 
 1 Aaron Ekblad             Oscar Klefbom                                     35     1   2  2  
 2 Josh Gorges              Ryan Murray                                       30     1   2  2  
 3 Nick Schultz             Cody Goloubef                                     25     1   2  2  
 4 Ryan Pulock              Aaron Ekblad                                      10     1   2  2  

PowerPlay Forward 
   Center                   Left Wing                Right Wing               Time % Phy DF OF 
 1 Kyle Brodziak            Taylor Hall              T.J. Oshie               60     1   2  2  
 2 Alex Galchenyuk          Dustin Brown             Kyle Palmieri            40     1   2  2  

PowerPlay Defense
   Defense                  Defense                                           Time % Phy DF OF 
 1 Aaron Ekblad             Oscar Klefbom                                     60     1   2  2  
 2 Josh Gorges              Ryan Murray                                       40     1   2  2  

Penalty Kill 4 Players Forward 
   Center                   Wing                     Time % Phy DF OF 
 1 Taylor Hall              T.J. Oshie               60     1   2  2  
 2 Kyle Brodziak            Kyle Palmieri            40     1   2  2  

Penalty Kill 4 Players Defense
   Defense                  Defense                  Time % Phy DF OF 
 1 Aaron Ekblad             Oscar Klefbom            60     1   2  2  
 2 Josh Gorges              Ryan Murray              40     1   2  2  

Penalty Kill - 3 Players Forward 
   Forward                                           Time % Phy DF OF 
 1 T.J. Oshie                                        60     1   2  2  
 2 Kyle Brodziak                                     40     1   2  2  

Penalty Kill - 3 Players Defense
   Defense                  Defense                  Time % Phy DF OF 
 1 Aaron Ekblad             Oscar Klefbom            60     1   2  2  
 2 Josh Gorges              Ryan Murray              40     1   2  2  

4 vs 4 Forward 
   Center                   Wing                     Time % Phy DF OF 
 1 Kyle Brodziak            T.J. Oshie               60     1   2  2  
 2 Taylor Hall              Kyle Palmieri            40     1   2  2  

4 vs 4 Defense
   Defense                  Defense                  Time % Phy DF OF 
 1 Aaron Ekblad             Oscar Klefbom            60     1   2  2  
 2 Josh Gorges              Ryan Murray              40     1   2  2  

Last Minutes Offensive
   Center                   Left Wing                Right Wing               Defense                  Defense                  
   Steven Stamkos           Taylor Hall              T.J. Oshie               Aaron Ekblad             Oscar Klefbom            

Last Minutes Defensive
   Center                   Left Wing                Right Wing               Defense                  Defense                  
   Steven Stamkos           Taylor Hall              T.J. Oshie               Aaron Ekblad             Oscar Klefbom            

Goaltenders
Starting : John Gibson              
Backup : Michael Hutchinson       

Extra Forwards
Normal : Luke Glendening, Kyle Brodziak, Yanni Gourde - PP : Luke Glendening, Kyle Brodziak - PK : Yanni Gourde
Extra Defensemen
Normal : Nick Schultz, Cody Goloubef, Ryan Pulock - PP : Nick Schultz - PK : Cody Goloubef, Ryan Pulock
Penalty Shots
Steven Stamkos, T.J. Oshie, Taylor Hall, Kyle Palmieri, Dustin Brown

Scratches
DET CAP HIT (Suspend)

% Time on Ice - CALGARY

Lines # - Real PCT - Wanted PCT - Time Play
Normal Forward
1 - 31% - 38% - 11:47
2 - 26% - 32% - 10:07
3 - 22% - 25% - 8:24
4 - 22% - 5% - 8:20
Normal Defense
1 - 35% - 35% - 13:26
2 - 30% - 30% - 11:25
3 - 35% - 25% - 13:25
4 - 1% - 10% - 0:22
PP Forward
1 - 51% - 60% - 8:09
2 - 49% - 40% - 7:44
PP Defense
1 - 59% - 60% - 9:22
2 - 41% - 40% - 6:31
PK Forward
1 - 69% - 60% - 3:17
2 - 31% - 40% - 1:29
PK Defense
1 - 56% - 60% - 2:41
2 - 44% - 40% - 2:05
PK3 Forward
1 - 0% - 60%
2 - 0% - 40%
PK3 Defense
1 - 0% - 60%
2 - 0% - 40%
44 Forward
1 - 100% - 60% - 0:43
2 - 0% - 40% - 0:00
44 Defense
1 - 12% - 60% - 0:05
2 - 88% - 40% - 0:38
Last Minute Offensive  - 0:00
Last Minute Defensive  - 0:00
Total
Forward - 60:00
Defense - 60:00

% Time on Ice - DETROIT

Lines # - Real PCT - Wanted PCT - Time Play
Normal Forward
1 - 33% - 35% - 12:39
2 - 27% - 30% - 10:27
3 - 30% - 25% - 11:40
4 - 10% - 10% - 3:52
Normal Defense
1 - 32% - 35% - 12:30
2 - 27% - 30% - 10:25
3 - 33% - 25% - 12:35
4 - 8% - 10% - 3:08
PP Forward
1 - 54% - 60% - 2:35
2 - 46% - 40% - 2:11
PP Defense
1 - 54% - 60% - 2:35
2 - 46% - 40% - 2:11
PK Forward
1 - 65% - 60% - 10:20
2 - 35% - 40% - 5:33
PK Defense
1 - 57% - 60% - 9:03
2 - 43% - 40% - 6:50
PK3 Forward
1 - 0% - 60%
2 - 0% - 40%
PK3 Defense
1 - 0% - 60%
2 - 0% - 40%
44 Forward
1 - 100% - 60% - 0:43
2 - 0% - 40% - 0:00
44 Defense
1 - 100% - 60% - 0:43
2 - 0% - 40% - 0:00
Last Minute Offensive  - 0:00
Last Minute Defensive  - 0:00
Total
Forward - 60:00
Defense - 60:00

Play-by-Play

1st period


0:01 of 1st period - Steven Stamkos wins face-off versus Ryan Spooner in neutral zone.
0:31 of 1st period - Taylor Hall is hit by Luca Sbisa and loses puck.
0:39 of 1st period - Minor Penalty to Luca Sbisa for Holding.
0:40 of 1st period - Matt Read wins face-off versus Alex Galchenyuk in CALGARY zone.
0:49 of 1st period - Josh Gorges is hit by Matt Read and loses puck.
1:05 of 1st period - Shot by Alex Galchenyuk.
1:05 of 1st period - Shot Blocked by Klas Dahlbeck.
1:07 of 1st period - Shot by Ryan Murray.
1:07 of 1st period - Shot Misses the Net.
1:20 of 1st period - Off-side.
1:21 of 1st period - Kyle Brodziak wins face-off versus Tobias Rieder in neutral zone.
1:36 of 1st period - Shot by Oscar Klefbom.
1:36 of 1st period - Stopped by Anthony Stolarz without a rebound.
1:37 of 1st period - Kyle Brodziak wins face-off versus Matt Read in CALGARY zone.
2:00 of 1st period - Aaron Ekblad is hit by Tobias Rieder and loses puck.
2:10 of 1st period - Icing by Kyle Brodziak.
2:11 of 1st period - Kyle Brodziak wins face-off versus Matt Read in DETROIT zone.
2:16 of 1st period - Shot by Oscar Klefbom.
2:16 of 1st period - Stopped by Anthony Stolarz without a rebound.
2:17 of 1st period - Alex Galchenyuk wins face-off versus Matt Read in CALGARY zone.
2:42 of 1st period - Icing by Matt Beleskey.
2:43 of 1st period - Luke Glendening wins face-off versus Chris Tierney in CALGARY zone.
2:51 of 1st period - Bobby Ryan is hit by Nick Schultz and loses puck.
2:55 of 1st period - Chris Tierney is hit by Nick Schultz and loses puck.
3:09 of 1st period - Matt Beleskey is hit by Nick Schultz and loses puck.
3:15 of 1st period - Icing by Nick Schultz.
3:16 of 1st period - Marko Dano wins face-off versus Luke Glendening in DETROIT zone.
3:16 of 1st period - Minor Penalty to Nick Schultz for Tripping.
3:17 of 1st period - Taylor Hall wins face-off versus Ryan Spooner in DETROIT zone.
3:17 of 1st period - Taylor Hall is hit by Matt Read.
3:35 of 1st period - Shot by Tobias Rieder.
3:35 of 1st period - Stopped by John Gibson without a rebound.
3:36 of 1st period - Chris Tierney wins face-off versus Taylor Hall in DETROIT zone.
4:00 of 1st period - Icing by Matt Beleskey.
4:01 of 1st period - Kyle Brodziak wins face-off versus Matt Beleskey in CALGARY zone.
4:14 of 1st period - Shot by Matt Beleskey.
4:14 of 1st period - Shot Misses the Net.
4:44 of 1st period - Shot by Jaccob Slavin.
4:44 of 1st period - Shot Blocked by Ryan Murray.
4:46 of 1st period - Shot by Tobias Rieder.
4:46 of 1st period - Stopped by John Gibson without a rebound.
4:47 of 1st period - Ryan Spooner wins face-off versus Taylor Hall in DETROIT zone.
5:00 of 1st period - Shot by Jaccob Slavin.
5:00 of 1st period - Shot Blocked by Oscar Klefbom.
5:20 of 1st period - Shot by Ethan Werek.
5:20 of 1st period - Stopped by John Gibson without a rebound.
5:21 of 1st period - Alex Galchenyuk wins face-off versus Ethan Werek in DETROIT zone.
5:55 of 1st period - Shot by Alex Galchenyuk.
5:55 of 1st period - Stopped by Anthony Stolarz with a rebound.
6:04 of 1st period - Icing by Tyler Wotherspoon.
6:05 of 1st period - Steven Stamkos wins face-off versus Ethan Werek in CALGARY zone.
7:28 of 1st period - Shot by Luke Glendening.
7:28 of 1st period - Deflect By Yanni Gourde.
7:28 of 1st period - Stopped by Anthony Stolarz with a rebound.
7:30 of 1st period - Shot by Ryan Reaves.
7:30 of 1st period - Stopped by Anthony Stolarz with a rebound.
7:32 of 1st period - Shot by Cody Goloubef.
7:32 of 1st period - Shot Misses the Net.
7:34 of 1st period - Shot by Ryan Reaves.
7:34 of 1st period - Shot Misses the Net.
8:21 of 1st period - Shot by Dustin Brown.
8:21 of 1st period - Shot Misses the Net.
9:21 of 1st period - Shot by T.J. Oshie.
9:21 of 1st period - Shot Misses the Net.
9:49 of 1st period - Shot by Taylor Hall.
9:49 of 1st period - Shot Misses the Net.
10:09 of 1st period - Ryan Murray is hit by Jakub Vrana and loses puck.
10:55 of 1st period - Minor Penalty to Ryan Murray for Roughing.
10:56 of 1st period - Matt Beleskey wins face-off versus Taylor Hall in DETROIT zone.
10:56 of 1st period - Matt Beleskey is hit by Aaron Ekblad.
11:32 of 1st period - Shot by Oscar Klefbom.
11:32 of 1st period - Shot Misses the Net.
11:39 of 1st period - Icing by Luca Sbisa.
11:40 of 1st period - Chris Tierney wins face-off versus Taylor Hall in CALGARY zone.
12:49 of 1st period - Shot by Marko Dano.
12:49 of 1st period - Shot Misses the Net.
12:51 of 1st period - Shot by Chris Tierney.
12:51 of 1st period - Shot Misses the Net.
13:20 of 1st period - Shot by Marko Dano.
13:20 of 1st period - Stopped by John Gibson without a rebound.
13:21 of 1st period - Alex Galchenyuk wins face-off versus Ryan Spooner in DETROIT zone.
14:05 of 1st period - Jaccob Slavin is hit by Kyle Palmieri.
14:08 of 1st period - Off-side.
14:09 of 1st period - Steven Stamkos wins face-off versus Ethan Werek in neutral zone.
14:15 of 1st period - Steven Stamkos is hit by Tyler Wotherspoon and loses puck.
14:24 of 1st period - Shot by Taylor Hall.
14:24 of 1st period - Shot Misses the Net.
14:26 of 1st period - Shot by Steven Stamkos.
14:26 of 1st period - Stopped by Anthony Stolarz with a rebound.
14:31 of 1st period - Icing by Slater Koekkoek.
14:32 of 1st period - Luke Glendening wins face-off versus Ethan Werek in CALGARY zone.
14:47 of 1st period - Shot by Yanni Gourde.
14:47 of 1st period - Shot Misses the Net.
14:49 of 1st period - Shot by Yanni Gourde.
14:49 of 1st period - Shot Blocked by Slater Koekkoek.
15:27 of 1st period - Shot by Taylor Hall.
15:27 of 1st period - Stopped by Anthony Stolarz without a rebound.
15:28 of 1st period - Chris Tierney wins face-off versus Alex Galchenyuk in CALGARY zone.
15:28 of 1st period - Chris Tierney is hit by Kyle Palmieri.
16:50 of 1st period - Shot by Taylor Hall.
16:50 of 1st period - Stopped by Anthony Stolarz with a rebound.
16:52 of 1st period - Shot by T.J. Oshie.
16:52 of 1st period - Goal by T.J. Oshie - CALGARY : 0 - DETROIT : 1.
16:53 of 1st period - Marko Dano wins face-off versus Matt Martin in neutral zone.
16:58 of 1st period - Shot by Tobias Rieder.
16:58 of 1st period - Shot Misses the Net.
17:00 of 1st period - Shot by Jakub Vrana.
17:00 of 1st period - Deflect By Marko Dano.
17:00 of 1st period - Shot Misses the Net.
17:42 of 1st period - Shot by Mitchell Marner.
17:42 of 1st period - Stopped by John Gibson without a rebound.
17:43 of 1st period - Ryan Spooner wins face-off versus Steven Stamkos in DETROIT zone.
17:44 of 1st period - Shot by Mitchell Marner.
17:44 of 1st period - Stopped by John Gibson with a rebound.
17:48 of 1st period - Shot by Ryan Spooner.
17:48 of 1st period - Stopped by John Gibson with a rebound.
17:56 of 1st period - Mitchell Marner is hit by Steven Stamkos and loses puck.
18:53 of 1st period - Shot by Alex Galchenyuk.
18:53 of 1st period - Shot Misses the Net.
18:55 of 1st period - Shot by Kyle Palmieri.
18:55 of 1st period - Stopped by Anthony Stolarz without a rebound.
18:56 of 1st period - Luke Glendening wins face-off versus Tobias Rieder in CALGARY zone.
19:16 of 1st period - Minor Penalty to Jaccob Slavin for High sticking.
19:17 of 1st period - Alex Galchenyuk wins face-off versus Matt Read in CALGARY zone.
19:18 of 1st period - Shot by Josh Gorges.
19:18 of 1st period - Stopped by Anthony Stolarz with a rebound.
19:20 of 1st period - Shot by Kyle Palmieri.
19:20 of 1st period - Goal by Kyle Palmieri - CALGARY : 0 - DETROIT : 2.
19:21 of 1st period - Alex Galchenyuk wins face-off versus Chris Tierney in neutral zone.
19:39 of 1st period - Icing by Josh Gorges.
19:40 of 1st period - Alex Galchenyuk wins face-off versus Matt Read in DETROIT zone.
19:49 of 1st period - Shot by Alex Galchenyuk.
19:49 of 1st period - Shot Blocked by Klas Dahlbeck.
19:51 of 1st period - Shot by Dustin Brown.
19:51 of 1st period - Shot Misses the Net.
19:53 of 1st period - Shot by Ryan Murray.
19:53 of 1st period - Goal by Ryan Murray - CALGARY : 0 - DETROIT : 3.
19:54 of 1st period - Steven Stamkos wins face-off versus Chris Tierney in neutral zone.
19:57 of 1st period - Shot by Taylor Hall.
19:57 of 1st period - Shot Misses the Net.
Goals for this period are 0 for CALGARY vs 3 for DETROIT.
Shots for this period are 7 for CALGARY vs 13 for DETROIT.

2nd period


0:01 of 2nd period - Chris Tierney wins face-off versus Steven Stamkos in neutral zone.
2:49 of 2nd period - Off-side.
2:50 of 2nd period - Ethan Werek wins face-off versus Steven Stamkos in neutral zone.
2:53 of 2nd period - Aaron Ekblad is hit by Ethan Werek and loses puck.
3:19 of 2nd period - Shot by Klas Dahlbeck.
3:19 of 2nd period - Stopped by John Gibson without a rebound.
3:20 of 2nd period - Ryan Spooner wins face-off versus Kyle Brodziak in DETROIT zone.
3:20 of 2nd period - Mitchell Marner is hit by Ryan Pulock and loses puck.
3:23 of 2nd period - Shot by Matt Read.
3:23 of 2nd period - Stopped by John Gibson without a rebound.
3:24 of 2nd period - Matt Martin wins face-off versus Matt Read in DETROIT zone.
3:36 of 2nd period - Minor Penalty to Nick Schultz for Slashing.
3:37 of 2nd period - Taylor Hall wins face-off versus Chris Tierney in DETROIT zone.
3:37 of 2nd period - Taylor Hall is hit by Bobby Ryan.
4:17 of 2nd period - Shot by Matt Beleskey.
4:17 of 2nd period - Stopped by John Gibson without a rebound.
4:18 of 2nd period - Taylor Hall wins face-off versus Ryan Spooner in DETROIT zone.
4:42 of 2nd period - Icing by Ryan Spooner.
4:43 of 2nd period - Kyle Brodziak wins face-off versus Ryan Spooner in CALGARY zone.
5:40 of 2nd period - Joffrey Lupul is hit by Nick Schultz and loses puck.
6:22 of 2nd period - Minor Penalty to Nick Schultz for Interference.
6:23 of 2nd period - Chris Tierney wins face-off versus T.J. Oshie in DETROIT zone.
6:23 of 2nd period - Chris Tierney is hit by Aaron Ekblad.
6:25 of 2nd period - Shot by Jaccob Slavin.
6:25 of 2nd period - Stopped by John Gibson without a rebound.
6:26 of 2nd period - Taylor Hall wins face-off versus Ryan Spooner in DETROIT zone.
7:50 of 2nd period - Ryan Murray is hit by Matt Beleskey and loses puck.
8:03 of 2nd period - Shot by Matt Beleskey.
8:03 of 2nd period - Shot Misses the Net.
8:55 of 2nd period - Shot by Joffrey Lupul.
8:55 of 2nd period - Stopped by John Gibson with a rebound.
9:17 of 2nd period - Shot by Tobias Rieder.
9:17 of 2nd period - Shot Misses the Net.
9:19 of 2nd period - Shot by Jaccob Slavin.
9:19 of 2nd period - Shot Misses the Net.
9:21 of 2nd period - Shot by Luca Sbisa.
9:21 of 2nd period - Stopped by John Gibson without a rebound.
9:22 of 2nd period - Ryan Spooner wins face-off versus Steven Stamkos in DETROIT zone.
9:27 of 2nd period - Shot by Matt Read.
9:27 of 2nd period - Stopped by John Gibson without a rebound.
9:28 of 2nd period - Bobby Ryan wins face-off versus Steven Stamkos in DETROIT zone.
9:33 of 2nd period - Shot by Matt Beleskey.
9:33 of 2nd period - Stopped by John Gibson without a rebound.
9:34 of 2nd period - Steven Stamkos wins face-off versus Ryan Spooner in DETROIT zone.
9:43 of 2nd period - Shot by Slater Koekkoek.
9:43 of 2nd period - Stopped by John Gibson without a rebound.
9:44 of 2nd period - Alex Galchenyuk wins face-off versus Chris Tierney in DETROIT zone.
10:18 of 2nd period - Chris Tierney is hit by Aaron Ekblad and loses puck.
10:22 of 2nd period - Double Minor Penalty to Aaron Ekblad for Roughing.
10:23 of 2nd period - Ryan Spooner wins face-off versus Taylor Hall in DETROIT zone.
10:30 of 2nd period - Shot by Jaccob Slavin.
10:30 of 2nd period - Shot Blocked by Ryan Murray.
10:42 of 2nd period - T.J. Oshie is hit by Tobias Rieder and loses puck.
12:49 of 2nd period - Klas Dahlbeck is hit by T.J. Oshie and loses puck.
13:36 of 2nd period - Shot by Slater Koekkoek.
13:36 of 2nd period - Shot Misses the Net.
14:11 of 2nd period - Shot by Luca Sbisa.
14:11 of 2nd period - Stopped by John Gibson without a rebound.
14:12 of 2nd period - T.J. Oshie wins face-off versus Derek Roy in DETROIT zone.
14:12 of 2nd period - Oscar Klefbom is hit by Joffrey Lupul.
14:36 of 2nd period - Shot by Aaron Ekblad.
14:36 of 2nd period - Stopped by Anthony Stolarz without a rebound.
14:37 of 2nd period - Alex Galchenyuk wins face-off versus Marko Dano in CALGARY zone.
15:03 of 2nd period - Icing by Slater Koekkoek.
15:04 of 2nd period - Luke Glendening wins face-off versus Marko Dano in CALGARY zone.
15:07 of 2nd period - Shot by Luke Glendening.
15:07 of 2nd period - Shot Misses the Net.
15:49 of 2nd period - Mitchell Marner is hit by Ryan Reaves and loses puck.
15:55 of 2nd period - Minor Penalty to Steven Stamkos for Hooking.
15:56 of 2nd period - Chris Tierney wins face-off versus Taylor Hall in DETROIT zone.
15:57 of 2nd period - Shot by Bobby Ryan.
15:57 of 2nd period - Stopped by John Gibson without a rebound.
15:58 of 2nd period - Taylor Hall wins face-off versus Chris Tierney in DETROIT zone.
16:21 of 2nd period - Shot by Luca Sbisa.
16:21 of 2nd period - Stopped by John Gibson without a rebound.
16:22 of 2nd period - Taylor Hall wins face-off versus Ryan Spooner in DETROIT zone.
16:44 of 2nd period - Taylor Hall is hit by Ryan Spooner and loses puck.
17:04 of 2nd period - Icing by Matt Read.
17:05 of 2nd period - Kyle Brodziak wins face-off versus Ryan Spooner in CALGARY zone.
17:39 of 2nd period - Icing by Jaccob Slavin.
17:40 of 2nd period - Taylor Hall wins face-off versus Chris Tierney in CALGARY zone.
17:45 of 2nd period - Shot by T.J. Oshie.
17:45 of 2nd period - Stopped by Anthony Stolarz without a rebound.
17:46 of 2nd period - Bobby Ryan wins face-off versus Taylor Hall in CALGARY zone.
18:12 of 2nd period - Alex Galchenyuk is hit by Tyler Wotherspoon and loses puck.
18:24 of 2nd period - Alex Galchenyuk is hit by Tyler Wotherspoon and loses puck.
18:31 of 2nd period - Shot by Kyle Palmieri.
18:31 of 2nd period - Stopped by Anthony Stolarz without a rebound.
18:32 of 2nd period - Steven Stamkos wins face-off versus Chris Tierney in CALGARY zone.
19:42 of 2nd period - Shot by Luke Glendening.
19:42 of 2nd period - Stopped by Anthony Stolarz with a rebound.
19:52 of 2nd period - Shot by Yanni Gourde.
19:52 of 2nd period - Deflect By Luke Glendening.
19:52 of 2nd period - Stopped by Anthony Stolarz without a rebound.
19:53 of 2nd period - Alex Galchenyuk wins face-off versus Ryan Spooner in CALGARY zone.
Goals for this period are 0 for CALGARY vs 0 for DETROIT.
Shots for this period are 12 for CALGARY vs 5 for DETROIT.

3rd period


0:01 of 3rd period - Steven Stamkos wins face-off versus Ryan Spooner in neutral zone.
0:05 of 3rd period - Off-side.
0:06 of 3rd period - Ryan Spooner wins face-off versus Steven Stamkos in neutral zone.
0:11 of 3rd period - Minor Penalty to Matt Read for High sticking.
0:12 of 3rd period - Kyle Brodziak wins face-off versus Jakub Vrana in CALGARY zone.
0:13 of 3rd period - Shot by Taylor Hall.
0:13 of 3rd period - Stopped by Anthony Stolarz without a rebound.
0:14 of 3rd period - Kyle Brodziak wins face-off versus Jakub Vrana in CALGARY zone.
0:17 of 3rd period - Shot by T.J. Oshie.
0:17 of 3rd period - Shot Misses the Net.
0:45 of 3rd period - Shot by Taylor Hall.
0:45 of 3rd period - Stopped by Anthony Stolarz without a rebound.
0:46 of 3rd period - Derek Roy wins face-off versus Alex Galchenyuk in CALGARY zone.
0:55 of 3rd period - Shot by Ryan Murray.
0:55 of 3rd period - Goal by Ryan Murray - CALGARY : 0 - DETROIT : 4.
0:56 of 3rd period - Alex Galchenyuk wins face-off versus Ryan Spooner in neutral zone.
1:07 of 3rd period - Shot by Alex Galchenyuk.
1:07 of 3rd period - Stopped by Anthony Stolarz without a rebound.
1:08 of 3rd period - Steven Stamkos wins face-off versus Marko Dano in CALGARY zone.
1:11 of 3rd period - Shot by Oscar Klefbom.
1:11 of 3rd period - Shot Misses the Net.
1:16 of 3rd period - Matt Bartkowski is hit by T.J. Oshie and loses puck.
1:44 of 3rd period - Marko Dano is hit by Aaron Ekblad and loses puck.
2:08 of 3rd period - Minor Penalty to Aaron Ekblad for Holding.
2:09 of 3rd period - Kyle Brodziak wins face-off versus Chris Tierney in DETROIT zone.
2:37 of 3rd period - Shot by Luca Sbisa.
2:37 of 3rd period - Stopped by John Gibson with a rebound.
2:39 of 3rd period - Shot by Jaccob Slavin.
2:39 of 3rd period - Stopped by John Gibson without a rebound.
2:40 of 3rd period - Taylor Hall wins face-off versus Ryan Spooner in DETROIT zone.
4:00 of 3rd period - Icing by Jaccob Slavin.
4:01 of 3rd period - Kyle Brodziak wins face-off versus Matt Beleskey in CALGARY zone.
4:04 of 3rd period - Shot by Oscar Klefbom.
4:04 of 3rd period - Shot Blocked by Chris Tierney.
4:34 of 3rd period - Shot by Ethan Werek.
4:34 of 3rd period - Shot Misses the Net.
5:45 of 3rd period - Shot by Mitchell Marner.
5:45 of 3rd period - Deflect By Ryan Spooner.
5:45 of 3rd period - Stopped by John Gibson without a rebound.
5:46 of 3rd period - Taylor Hall wins face-off versus Chris Tierney in DETROIT zone.
5:58 of 3rd period - Steven Stamkos is hit by Slater Koekkoek and loses puck.
6:15 of 3rd period - Shot by Steven Stamkos.
6:15 of 3rd period - Stopped by Anthony Stolarz without a rebound.
6:16 of 3rd period - Alex Galchenyuk wins face-off versus Ryan Spooner in CALGARY zone.
6:21 of 3rd period - Shot by Dustin Brown.
6:21 of 3rd period - Goal by Dustin Brown - CALGARY : 0 - DETROIT : 5.
6:22 of 3rd period - Alex Galchenyuk wins face-off versus Ryan Spooner in neutral zone.
6:31 of 3rd period - Shot by Kyle Palmieri.
6:31 of 3rd period - Shot Misses the Net.
6:33 of 3rd period - Shot by Dustin Brown.
6:33 of 3rd period - Stopped by Anthony Stolarz with a rebound.
6:39 of 3rd period - Shot by Kyle Palmieri.
6:39 of 3rd period - Stopped by Anthony Stolarz without a rebound.
6:40 of 3rd period - Steven Stamkos wins face-off versus Chris Tierney in CALGARY zone.
7:42 of 3rd period - Shot by Kyle Palmieri.
7:42 of 3rd period - Stopped by Anthony Stolarz with a rebound.
7:44 of 3rd period - Shot by Alex Galchenyuk.
7:44 of 3rd period - Shot Misses the Net.
7:46 of 3rd period - Shot by Alex Galchenyuk.
7:46 of 3rd period - Stopped by Anthony Stolarz without a rebound.
7:47 of 3rd period - Marko Dano wins face-off versus Alex Galchenyuk in CALGARY zone.
8:12 of 3rd period - Icing by Tyler Wotherspoon.
8:13 of 3rd period - Marko Dano wins face-off versus Kyle Brodziak in CALGARY zone.
8:18 of 3rd period - Cody Goloubef is hit by Marko Dano.
8:30 of 3rd period - Shot by Cody Goloubef.
8:30 of 3rd period - Shot Misses the Net.
9:04 of 3rd period - Shot by Mitchell Marner.
9:04 of 3rd period - Shot Blocked by Nick Schultz.
9:13 of 3rd period - Icing by Nick Schultz.
9:14 of 3rd period - Chris Tierney wins face-off versus Kyle Brodziak in DETROIT zone.
9:53 of 3rd period - Shot by Steven Stamkos.
9:53 of 3rd period - Stopped by Anthony Stolarz with a rebound.
9:55 of 3rd period - Shot by Aaron Ekblad.
9:55 of 3rd period - Shot Misses the Net.
9:57 of 3rd period - Shot by Aaron Ekblad.
9:57 of 3rd period - Stopped by Anthony Stolarz without a rebound.
9:58 of 3rd period - Alex Galchenyuk wins face-off versus Ryan Spooner in CALGARY zone.
10:40 of 3rd period - Ryan Spooner is hit by Josh Gorges and loses puck.
11:03 of 3rd period - Shot by Jakub Vrana.
11:03 of 3rd period - Shot Blocked by Aaron Ekblad.
11:27 of 3rd period - Shot by Steven Stamkos.
11:27 of 3rd period - Shot Misses the Net.
11:29 of 3rd period - Shot by T.J. Oshie.
11:29 of 3rd period - Shot Misses the Net.
11:39 of 3rd period - Shot by Steven Stamkos.
11:39 of 3rd period - Shot Misses the Net.
11:41 of 3rd period - Shot by Aaron Ekblad.
11:41 of 3rd period - Goal by Aaron Ekblad - CALGARY : 0 - DETROIT : 6.
11:42 of 3rd period - Chris Tierney wins face-off versus Luke Glendening in neutral zone.
12:00 of 3rd period - Shot by Luke Glendening.
12:00 of 3rd period - Shot Misses the Net.
12:02 of 3rd period - Shot by Nick Schultz.
12:02 of 3rd period - Shot Misses the Net.
12:42 of 3rd period - Jaccob Slavin is hit by Luke Glendening and loses puck.
12:48 of 3rd period - Matt Read is hit by Nick Schultz.
12:55 of 3rd period - Mitchell Marner is hit by Nick Schultz and loses puck.
13:10 of 3rd period - Shot by Mitchell Marner.
13:10 of 3rd period - Shot Misses the Net.
13:43 of 3rd period - Slater Koekkoek is hit by Aaron Ekblad and loses puck.
13:52 of 3rd period - Shot by Tyler Wotherspoon.
13:52 of 3rd period - Stopped by John Gibson without a rebound.
13:53 of 3rd period - Marko Dano wins face-off versus Alex Galchenyuk in DETROIT zone.
13:55 of 3rd period - Tobias Rieder is hit by Josh Gorges and loses puck.
14:07 of 3rd period - Minor Penalty to Matt Bartkowski for High sticking.
14:08 of 3rd period - Kyle Brodziak wins face-off versus Matt Read in CALGARY zone.
14:23 of 3rd period - Shot by Aaron Ekblad.
14:23 of 3rd period - Stopped by Anthony Stolarz without a rebound.
14:24 of 3rd period - Alex Galchenyuk wins face-off versus Matt Read in CALGARY zone.
16:33 of 3rd period - Shot by Matt Martin.
16:33 of 3rd period - Stopped by Anthony Stolarz without a rebound.
16:34 of 3rd period - Alex Galchenyuk wins face-off versus Marko Dano in CALGARY zone.
17:23 of 3rd period - Off-side.
17:24 of 3rd period - T.J. Oshie wins face-off versus Ryan Spooner in neutral zone.
17:31 of 3rd period - Shot by Steven Stamkos.
17:31 of 3rd period - Stopped by Anthony Stolarz without a rebound.
17:32 of 3rd period - Steven Stamkos wins face-off versus Ryan Spooner in CALGARY zone.
18:09 of 3rd period - Shot by T.J. Oshie.
18:09 of 3rd period - Shot Blocked by Luca Sbisa.
18:42 of 3rd period - Shot by Ryan Reaves.
18:42 of 3rd period - Stopped by Anthony Stolarz without a rebound.
18:43 of 3rd period - Chris Tierney wins face-off versus Alex Galchenyuk in CALGARY zone.
18:59 of 3rd period - Icing by Bobby Ryan.
19:00 of 3rd period - Chris Tierney wins face-off versus Luke Glendening in CALGARY zone.
19:14 of 3rd period - Yanni Gourde is hit by Bobby Ryan and loses puck.
19:16 of 3rd period - Minor Penalty to Ryan Reaves for Holding.
19:16 of 3rd period - Minor Penalty to Bobby Ryan for Hooking.
19:17 of 3rd period - Kyle Brodziak wins face-off versus Mitchell Marner in neutral zone.
Goals for this period are 0 for CALGARY vs 3 for DETROIT.
Shots for this period are 4 for CALGARY vs 17 for DETROIT.